 Dungeon Sprint DCSS version 0.23.2-1-ga50397a6bc (webtiles) character file.

Game seed: 9147867025144356648

989 Kobolds4U the Unseen (level 7, -6/41 HPs)
             Began as a Spriggan Assassin on May 22, 2019.
             Was a Follower of Okawaru.
             Mangled by a sun demon (13 damage)
             ... summoned by a kobold demonologist
             ... in the Dungeon (Sprint I: "Red Sonja").
             The game lasted 00:01:39 (148 turns).

Kobolds4U the Unseen (Spriggan Assassin)             Turns: 148, Time: 00:01:40

Health: -6/41      AC:  3    Str:  7    XL:     7   Next: 98%
Magic:  9/14       EV: 19    Int: 12    God:    Okawaru [*.....]
Gold:   319        SH:  0    Dex: 20    Spells: 6/6 levels left

rFire    . . .     SeeInvis +   a - +2 dagger
rCold    . . .     Gourm    .   (shield restricted)
rNeg     . . .     Faith    .   c - +0 robe
rPois    .         Spirit   .   (helmet restricted)
rElec    .         Reflect  .   d - +0 cloak
rCorr    .         Harm     .   (gloves unavailable)
MR       +....     NoTele   +   (boots unavailable)
Stlth    ++++++++..             (no amulet)
HPRegen  0.13/turn              o - ring of see invisible
MPRegen  0.14/turn              (no ring)

@: heroism, heavily drained, very quick
A: very small, unfitting armour, see invisible, herbivore, speed 3, slow
metabolism 2
a: Heroism, Renounce Religion


You were in the Dungeon.
You worshipped Okawaru.
Okawaru was aware of your devotion.
You were not hungry.

You visited 1 branch You collected 419 gold pieces.
You spent 100 gold pieces at shops.

Inventory:

Hand Weapons
 a - a +2 dagger (weapon)
 b - a +0 blowgun
Missiles
 e - 8 poisoned needles
 f - 2 curare-tipped needles
Armour
 c - a +0 robe (worn)
 d - a +0 cloak (worn)
Jewellery
 o - a ring of see invisible (left hand)
Wands
 q - a wand of iceblast (6)
Scrolls
 m - a scroll of blinking
 p - a scroll of magic mapping {unknown}
Potions
 h - a potion of curing
 i - a potion of heal wounds
 j - a potion of haste
 k - 2 potions of magic
 l - a potion of berserk rage
 n - a potion of lignification {unknown}
Comestibles
 g - a ration


   Skills:
 + Level 6.5(8.2) Fighting
 - Level 2.1(4.2) Short Blades
 - Level 2.0(4.0) Throwing
 - Level 1.5(3.6) Dodging
 - Level 20.5(21.1) Stealth
 + Level 8.0(5.0) Evocations


You had 6 spell levels left.
You didn't know any spells.
Your spell library was empty.

Dungeon Overview and Level Annotations

Branches:
Dungeon (1/1)

Altars:
Cheibriados
Dithmenos
Elyvilon
Fedhas
Gozag
Hepliaklqana
Kikubaaqudgha
Makhleb
Nemelex Xobeh
Okawaru
Qazlal
Ru
Sif Muna
Trog
Uskayaw
Vehumet
Wu Jian
Xom
Yredelemnul
Zin
The Shining One
Jiyva
Lugonu

Shops:
D }


Innate Abilities, Weirdness & Mutations

You are very small and have problems with some larger weapons.
You are too small for most types of armour.
You have supernaturally acute eyesight. (SInv)
You are a herbivore.
You cover ground extremely quickly.
You need to consume almost no food.


Message History

The kobold demonologist hits you with a +0 dagger of draining.
You feel drained.
You hit the kobold demonologist.
The kobold demonologist is moderately wounded.
The kobold demonologist mumbles some strange words.
You closely miss the kobold demonologist.
The kobold demonologist is moderately wounded.
The kobold demonologist closely misses you.
The sun demon barely misses you.
You barely miss the kobold demonologist.
The kobold demonologist is moderately wounded.
The kobold demonologist completely misses you.
The sun demon hits you.
You are engulfed in flames!
* * * LOW HITPOINT WARNING * * *
You gain the combat prowess of a mighty hero.
The kobold demonologist gestures wildly while chanting.
The sun demon hits you.
* * * LOW HITPOINT WARNING * * *
You are engulfed in flames!
You die...

####################
'..#.)'..#__#..'.3)#
#.)'..#..'..'..#@.5#
##'#####'#__####K..+
#..#...#.#### #####
####..##.#
___##'#_.+
∩...'..._#
.__##_.#'#
___###+#.# #### ###


You could see a sun demon, a kobold demonologist and a quasit.

Vanquished Creatures
  A kobold demonologist (D)
  A slime creature (D)
  Sigmund (D)
  A yak (D)
  A floating eye (D)
  An ogre (D)
  A jelly (D)
  Ijyb (D)
8 creatures vanquished.

Notes
Turn   | Place    | Note
-------+----------+-------------------------------------------
     0 | D        | Kobolds4U the Spriggan Assassin began the quest for the
                  | Orb.
     0 | D        | Reached XP level 1. HP: 10/10 MP: 2/2
     1 | D        | Noticed Ijyb
     4 | D        | Killed Ijyb
     4 | D        | Reached skill level 10 in Stealth
     4 | D        | Reached XP level 2. HP: 14/14 MP: 3/3
     7 | D        | Noticed an ogre
    10 | D        | Killed an ogre
    10 | D        | Reached skill level 14 in Stealth
    10 | D        | Reached XP level 3. HP: 18/18 MP: 4/4
    10 | D        | Reached XP level 4. HP: 22/22 MP: 5/5
    32 | D        | Noticed Sigmund
    35 | D        | Killed Sigmund
    35 | D        | Reached skill level 18 in Stealth
    35 | D        | Reached XP level 5. HP: 25/25 MP: 6/6
    35 | D        | Reached XP level 6. HP: 30/30 MP: 7/7
    47 | D        | Found an ornate altar of the Wu Jian Council.
    47 | D        | Found a deep blue altar of Sif Muna.
    49 | D        | Found a radiant altar of Vehumet.
    73 | D        | Found Beezec's Gadget Emporium.
    73 | D        | Found an ancient bone altar of Kikubaaqudgha.
    73 | D        | Found a hazy altar of Hepliaklqana.
    73 | D        | Found a stormy altar of Qazlal.
    73 | D        | Found a hide-covered altar of Uskayaw.
    73 | D        | Found a blossoming altar of Fedhas.
    73 | D        | Found a bloodstained altar of Trog.
    73 | D        | Found an iron altar of Okawaru.
    73 | D        | Found a basalt altar of Yredelemnul.
    73 | D        | Found a glowing golden altar of the Shining One.
    73 | D        | Found a snail-covered altar of Cheibriados.
    73 | D        | Found a sacrificial altar of Ru.
    73 | D        | Found a glowing silver altar of Zin.
    73 | D        | Found a shadowy altar of Dithmenos.
    73 | D        | Found a white marble altar of Elyvilon.
    73 | D        | Noticed a yak
    74 | D        | Found an opulent altar of Gozag.
    75 | D        | Killed a yak
    75 | D        | Reached skill level 19 in Stealth
    76 | D        | Found a sparkling altar of Nemelex Xobeh.
    80 | D        | Bought a wand of iceblast (6) for 100 gold pieces
    81 | D        | Became a worshipper of Warmaster Okawaru
   107 | D        | Found a burning altar of Makhleb.
   107 | D        | Found a viscous altar of Jiyva.
   107 | D        | Found a shimmering altar of Xom.
   107 | D        | Found a corrupted altar of Lugonu.
   107 | D        | Noticed a slime creature
   110 | D        | Killed a slime creature
   110 | D        | Reached skill level 20 in Stealth
   110 | D        | Reached XP level 7. HP: 38/38 MP: 7/10
   122 | D        | Noticed a kobold demonologist
   123 | D        | Noticed a kobold demonologist
   125 | D        | Reached skill level 5 in Fighting
   125 | D        | Reached skill level 5 in Evocations
   127 | D        | Killed a kobold demonologist
   127 | D        | Reached * piety under Okawaru
   146 | D        | Noticed a sun demon
   148 | D        | Mangled by a sun demon

Skill      XL: |  1  2  3  4  5  6  7 |
---------------+----------------------+-----
Stealth        | 10 14 18 20 | 20.5
Fighting       | 4 6 |  6.5
Evocations     | 3 8 |  8.0
Short Blades   | |  2.1
Throwing       | |  2.0
Dodging        | |  1.5

Action                   |  1- 3 |  4- 6 |  7- 9 || total
-------------------------+-------+-------+-------++-------
Melee: Dagger            |     2 |     4 |    21 ||    27
Invok: Heroism           |       |       |     1 ||     1
 Stab: Sleeping          |     2 |     4 |     2 ||     8
Armor: Robe              |       |       |     4 ||     4
Dodge: Dodged            |       |       |     5 ||     5
